 Dungeon Crawl Stone Soup version 0.31-a0-692-gf03d1854d5 (webtiles) character file.

Game seed: 10165715266766124566

52 qw the Shooter (level 3, -3/23 HPs)
             Began as a Gargoyle Hunter on Sept 6, 2023.
             Slain by a gnoll
             ... wielding a +0 halberd
              (10 damage)
             ... on level 2 of the Dungeon.
             The game lasted 00:00:29 (877 turns).

qw the Shooter (Gargoyle Hunter)                     Turns: 877, Time: 00:00:29

Health: -3/23      AC:  6    Str: 14    XL:     3   Next: 85%
Magic:  3/3        EV: 11    Int:  9    God:
Gold:   74         SH:  0    Dex: 15    Spells: 2/2 levels left

rFire   . . .        Y - +0 shortbow
rCold   . . .        (shield currently unavailable)
rNeg    + . .        c - +0 leather armour
rPois   inf          (no helmet)
rElec   +            (no cloak)
rCorr   .            (no gloves)
SInv    .            (no boots)
Will    .....        (no amulet)
Stlth   ++           (no ring)
HPRegen 0.23/turn    (no ring)
MPRegen 0.08/turn

%: no passive effects
@: no status effects
A: sickness immunity, AC +3, negative energy resistance 1, electricity
resistance, torment resistance 1, petrification resistance
a: no special abilities


You were on level 2 of the Dungeon.
You visited 1 branch of the dungeon, and saw 2 of its levels.

You collected 74 gold pieces.


Innate Abilities, Weirdness & Mutations

You are immune to sickness and miasma.
Your stone body is resilient. (AC +3)
You are immune to poison.
You resist negative energy. (rN+)
You are resistant to electric shocks. (rElec)
You are resistant to unholy torment.
You are immune to petrification.


   Skills:
 - Level 3.0 Fighting
 + Level 5.0 Ranged Weapons
 - Level 1.5 Dodging
 - Level 1.1 Stealth


You had 2 spell levels left.
You didn't know any spells.
Your spell library was empty.

Inventory:

Hand Weapons
 Y - a +0 shortbow (weapon)
Armour
 c - a +0 leather armour (worn)
 f - a +0 ring mail
Scrolls
 a - a scroll of fear {unknown}
 g - a scroll of acquirement {unknown}
Potions
 b - a potion of enlightenment {unknown}
 d - 2 potions of might {unknown}
 e - a potion of heal wounds {unknown}

Dungeon Overview and Level Annotations

Branches:
Dungeon (2/15)

Altars:

Shops:
D:1 ::[

Annotations:
D:2 1 runed translucent door, Crazy Yiuf


Message History

A frilled lizard comes into view.
The frilled lizard hisses angrily.
You shoot an arrow. The arrow hits the frilled lizard!
You kill the frilled lizard!
A gnoll comes into view. It is wielding a +0 halberd.
Found a stone staircase leading up.
Enter note:
Enter note:
Enter note: You shoot an arrow.
The arrow hits the gnoll.
The gnoll shouts!
The gnoll is moderately wounded.
You hear a shout! x3
A gnoll comes into view. It is wielding a +0 club.
You shoot an arrow. The arrow closely misses the gnoll.
A gnoll comes into view. It is wielding a +0 spear.
869 ||| Stepping ~*~*~tactically~*~*~ (outnumbered).
871 ||| Stepping ~*~*~tactically~*~*~ (outnumbered).
You shoot an arrow.
The arrow hits the gnoll but does no damage.
The gnoll is moderately wounded.
You shoot an arrow. The arrow hits the gnoll.
The gnoll is severely wounded.
The gnoll misses you.
You shoot an arrow. The arrow closely misses the gnoll.
The gnoll hits you from afar with a +0 halberd!
You shoot an arrow. The arrow closely misses the gnoll.
The gnoll hits you but does no damage. The gnoll barely misses you. x2
Enter note:
Enter note:
Enter note:
876 |||
Found retreat position at 1,-1 (floor) with 0 blocking monsters and 2 monsters attacking at destination at distance 1
Enter note:
Enter note:
Enter note:
876 ||| Stepping ~*~*~tactically~*~*~ (retreating).
The gnoll hits you with a +0 spear. The gnoll hits you with a +0 halberd.
You shoot an arrow. The arrow barely misses the gnoll.
The gnoll barely misses you. The gnoll hits you with a +0 halberd!
You die...

## ##.# ##
##...#.. # .<.$..#
##. ### .....#
#... ..# ....#
#...##>#
.g.###..###.......
#gg...............
####@# #..#....
#....# ........
#.#### ##.##...
#.# #......
####.#######
#####.#
#..........# #.#
#.##...###.# #.#
#.##...###.# #.#
#.##.....#.# #.#


You could see 3 gnolls.

Vanquished Creatures
  An adder (D:2)
  A worm (D:2)
  2 dart slugs (D:1)
  3 endoplasms
  2 giant cockroaches (D:1)
  A goblin (D:1)
  4 hobgoblins
  3 quokkas (D:1)
  4 ball pythons
  3 bats
  3 frilled lizards
  4 kobolds
  4 rats
35 creatures vanquished.

Notes
Turn   | Place    | Note
-------+----------+-------------------------------------------
     0 | D:1      | qw the Gargoyle Hunter began the quest for the Orb.
     0 | D:1      | Reached XP level 1. HP: 12/12 MP: 1/1
     0 | D:1      | 0 ||| qw: Version: 0.3-a-76-g4403597
     0 | D:1      | 0 ||| qw: Game counter: 116
     0 | D:1      | 0 ||| qw: Melee chars always use a shield: true
     0 | D:1      | 0 ||| qw: God list: Okawaru
     0 | D:1      | 0 ||| qw: Allow faded altars: false
     0 | D:1      | 0 ||| qw: Do Orc after clearing Dungeon:15 true
     0 | D:1      | 0 ||| qw: Do second Lair branch before Depths: true
     0 | D:1      | 0 ||| qw: Lair rune preference: random
     0 | D:1      | 0 ||| qw: Goals: Normal
     0 | D:1      | 0 ||| PLANNING D:1-11
    83 | D:1      | Reached XP level 2. HP: 17/17 MP: 2/2
    85 | D:1      | Found a faded altar of an unknown god.
   116 | D:1      | Found Loacy's Book Shop.
   222 | D:1      | Reached XP level 3. HP: 21/21 MP: 3/3
   273 | D:1      | Found Piaw's Armour Emporium.
   278 | D:1      | 278 ||| SHOPLISTING +0 pair of gloves of stealth (149 gold,
                  | have 42).
   364 | D:1      | Found Ariepabo's Book Boutique.
   408 | D:1      | Reached skill level 5 in Ranged Weapons
   415 | D:1      | 415 ||| READING scroll labelled PECKEHA EZYU.
   416 | D:1      | 416 ||| READING scroll labelled BEYZEL SEKABINU.
   417 | D:1      | 417 ||| DROPPING scroll of butterflies.
   430 | D:2      | Identified the +4 dagger "Ninoet" {protect, Int+7 SInv}
   586 | D:2      | Found a runed translucent door.
   587 | D:2      | Noticed Crazy Yiuf
   751 | D:2      | Reached skill level 3 in Fighting
   869 | D:2      | 869 ||| Stepping ~*~*~tactically~*~*~ (outnumbered).
   871 | D:2      | 871 ||| Stepping ~*~*~tactically~*~*~ (outnumbered).
   876 | D:2      | 876 ||| Stepping ~*~*~tactically~*~*~ (retreating).
   877 | D:2      | Slain by a gnoll

Levels and vault maps discovered:
D:1:      minmay_arrival_five_plusses, layout_rooms, serial_shops,
          nicolae_shop_tiny_real_fake_doors, nicolae_shop_pleasant_corner_grove,
          nicolae_square_shop, basic_ecumenical_altar
D:2:      layout_loops_cross, uniq_crazy_yiuf_cottage

Skill      XL: |  1  2  3 |
---------------+----------+-----
Ranged Weapons | 5 |  5.0
Fighting       | 3 |  3.0
Dodging        | |  1.5
Stealth        | |  1.1

Action                     || total
---------------------------++-------
   Fire: Shortbow          ||   114
    Use: Scroll            ||     2
 Armour: Leather armour    ||    25
  Dodge: Dodged            ||    20

Table legend:
 A = Non-vault XP
 B = Vault XP
 C = Vault XP percentage of total XP
 D = Non-vault monster count
 E = Vault monster count
 F = Vault count percentage of total count
                 A         B        C        D         E       F
            +---------+---------+-------+---------+---------+-------
      Total |      75 |       0 |   0.0 |      35 |       0 |   0.0
            +---------+---------+-------+---------+---------+-------
        D:1 |      40 |       0 |   0.0 |      22 |       0 |   0.0
        D:2 |      35 |       0 |   0.0 |      13 |       0 |   0.0
            +---------+---------+-------+---------+---------+-------
